[Event "Czech open A"]
[Site "?"]
[Date "2013.07.27"]
[Round "9.66"]
[White "Volodin, Viktor"]
[Black "Spalir, Jernej"]
[Result "1/2-1/2"]
[ECO "D17"]
[WhiteElo "2180"]
[BlackElo "2312"]
[PlyCount "111"]
[EventDate "2013.??.??"]
[TimeControl "5400+1000"]
[WhiteClock "0:46:48"]
[BlackClock "0:35:25"]

1. Nf3 d5 2. d4 Nf6 3. c4 c6 4. Nc3 dxc4 5. a4 Bf5 6. Ne5 Nbd7 7. Nxc4 Qc7 8.
g3 e5 9. dxe5 Nxe5 10. Bf4 Nfd7 11. Bg2 g5 12. Ne3 gxf4 13. Nxf5 fxg3 14. hxg3
O-O-O 15. Qc2 Nc5 16. O-O Ne6 17. Rfd1 Bc5 18. Ne4 Bb4 19. Rxd8+ Rxd8 20. Rd1
a5 21. Nf6 Rxd1+ 22. Qxd1 Qd8 23. Qxd8+ Kxd8 24. b3 Nc5 25. f4 Ned7 26. Nxh7
Nxb3 27. Ng5 Ke8 28. Ne4 Nbc5 29. Ned6+ Kf8 30. e4 Nb6 31. e5 Nbxa4 32. Nh6 Nb2
33. Nxb7 Nxb7 34. Bxc6 Bc5+ 35. Kg2 a4 36. Bxb7 Nc4 37. Be4 a3 38. Bb1 Ne3+ 39.
Kf3 Kg7 40. Ng4 Nd5 41. Ba2 Nc3 42. Bc4 a2 43. Bxa2 Nxa2 44. f5 Nc3 45. Kf4 Bd4
46. Nh2 Ne2+ 47. Ke4 Bg1 48. Nf1 Nc3+ 49. Kd3 Nb5 50. Ke4 Kh6 51. Nd2 Bf2 52.
Kf4 Nc3 53. g4 Nd5+ 54. Ke4 Nc3+ 55. Kf4 Nd5+ 56. Ke4 1/2-1/2

[Event "Czech open A"]
[Site "?"]
[Date "2013.07.27"]
[Round "9.67"]
[White "Kazakov, Konstantin"]
[Black "Sanders, Isaac"]
[Result "0-1"]
[ECO "B40"]
[WhiteElo "2307"]
[BlackElo "2210"]
[PlyCount "106"]
[EventDate "2013.??.??"]
[TimeControl "6000+1000"]
[WhiteClock "1:23:18"]
[BlackClock "0:11:56"]

1. e4 c5 2. Nf3 e6 3. b3 b6 4. Bb2 Bb7 5. Nc3 a6 6. d4 cxd4 7. Nxd4 Qc7 8. Be2
Nf6 9. O-O Bb4 10. Qd3 Bxc3 11. Bxc3 Bxe4 12. Qd2 O-O 13. Bb2 e5 14. Nf3 Nc6
15. Ba3 d5 16. Bxf8 Rxf8 17. Ng5 Nd4 18. Bxa6 h6 19. c3 hxg5 20. cxd4 exd4 21.
f3 Bf5 22. Qxd4 Be6 23. Rfc1 Qb8 24. Bb5 g4 25. f4 g3 26. hxg3 Ne4 27. Qe5 Qa7
28. f5 Bc8 29. g4 Qa5 30. Bd3 Nc5 31. Bf1 Bb7 32. Qc3 Qa8 33. Qd4 Qd8 34. f6
gxf6 35. Bd3 Ne6 36. Qe3 Kg7 37. Bf5 d4 38. Qg3 Ng5 39. Rc7 Qd5 40. Rd7 Qc6 41.
b4 Rh8 42. b5 Qc5 43. Rc7 Qd5 44. Rd7 Qc5 45. Qc7 Qa3 46. Re1 Rh1+ 47. Kf2 Bxg2
48. Rxh1 Qe3+ 49. Kxg2 Qe2+ 50. Kg3 Qf3+ 51. Kh4 Qxh1+ 52. Kg3 Qg1+ 53. Kh4
Qe1+ 0-1

[Event "Czech open A"]
[Site "?"]
[Date "2013.07.27"]
[Round "9.68"]
[White "Musaev, Rasul"]
[Black "Hampel, Felix"]
[Result "1-0"]
[ECO "B47"]
[WhiteElo "2300"]
[BlackElo "2121"]
[PlyCount "115"]
[EventDate "2013.??.??"]
[TimeControl "6000+1255"]
[WhiteClock "0:49:42"]
[BlackClock "0:02:11"]

1. e4 c5 2. Nf3 e6 3. d4 cxd4 4. Nxd4 Nc6 5. Nc3 Qc7 6. Nxc6 bxc6 7. Bd3 Nf6 8.
O-O d5 9. Qe2 Be7 10. b3 O-O 11. Bb2 Re8 12. e5 Nd7 13. Na4 Bb7 14. c4 Nb6 15.
Nc3 a6 16. f4 Nd7 17. Qh5 g6 18. Qe2 Nc5 19. Kh1 d4 20. Ne4 Nxe4 21. Bxe4 c5
22. Rad1 a5 23. a4 Bxe4 24. Qxe4 Rab8 25. Rd3 Rb4 26. Qe1 Reb8 27. Qd1 Qb7 28.
Rff3 Qe4 29. Bc1 R4b7 30. Kg1 h5 31. g3 Kf8 32. Bd2 Bd8 33. h3 Ke8 34. g4 hxg4
35. hxg4 Kd7 36. Qe1 Qxe1+ 37. Bxe1 Bc7 38. Rh3 Rg8 39. Rh7 Ke8 40. Bg3 Kf8 41.
Kg2 Bd8 42. Kf3 Rg7 43. Rh2 Kg8 44. Ke4 Bc7 45. Bh4 Rh7 46. Rhh3 Rb8 47. Be7
Rxh3 48. Rxh3 Bd8 49. Bxc5 Bb6 50. Bxb6 Rxb6 51. Kxd4 Kf8 52. Kc5 Rb4 53. Kd6
Rb6+ 54. Kc7 Rb4 55. g5 Ke7 56. Rd3 Ke8 57. Rd8+ Ke7 58. Rb8 1-0

[Event "Czech open A"]
[Site "?"]
[Date "2013.07.27"]
[Round "9.69"]
[White "Sochacki, Christophe"]
[Black "Dauletova, Gulmira"]
[Result "1/2-1/2"]
[ECO "A00"]
[WhiteElo "2459"]
[BlackElo "2276"]
[PlyCount "95"]
[EventDate "2013.??.??"]
[TimeControl "5400+1695"]
[WhiteClock "0:50:03"]
[BlackClock "0:27:17"]

1. e3 Nf6 2. g4 d5 3. g5 Ne4 4. f4 h6 5. d3 Nd6 6. Nc3 hxg5 7. fxg5 c6 8. e4 g6
9. exd5 cxd5 10. Nxd5 Qa5+ 11. Nc3 Qb4 12. Qd2 Bg7 13. Nd5 Qc5 14. Bg2 Be6 15.
Qb4 Qxc2 16. Ne2 Na6 17. Qd2 Qxd2+ 18. Bxd2 Bxb2 19. Rb1 Be5 20. d4 Bg7 21. Bf4
Bxd5 22. Bxd5 Nc7 23. Bxb7 Nxb7 24. Bxc7 Nd8 25. d5 Rc8 26. Ba5 Rc5 27. Bxd8
Kxd8 28. O-O Be5 29. Rxf7 Bxh2+ 30. Kf2 Rxd5 31. Rb7 Rd7 32. Rxd7+ Kxd7 33. Rg7
Ke6 34. Nd4+ Kd5 35. Nf3 Bd6 36. Rxg6 e5 37. Rh6 Rg8 38. g6 Bf8 39. Rh5 Rxg6
40. Rxe5+ Kc6 41. Nd4+ Kb6 42. Re6+ Rxe6 43. Nxe6 Bh6 44. Ke2 Kb5 45. Kd3 Kb4
46. Nd4 Ka3 47. Nb5+ Kxa2 48. Nxa7 1/2-1/2

[Event "Czech open A"]
[Site "?"]
[Date "2013.07.27"]
[Round "9.70"]
[White "Stanetzek, Carsten"]
[Black "Nemcova, Katerina"]
[Result "1/2-1/2"]
[ECO "C68"]
[WhiteElo "2274"]
[BlackElo "2382"]
[PlyCount "43"]
[EventDate "2013.??.??"]
[TimeControl "6000+650"]
[WhiteClock "0:46:38"]
[BlackClock "0:35:12"]

1. e4 e5 2. Nf3 Nc6 3. Bb5 a6 4. Bxc6 dxc6 5. O-O f6 6. d4 exd4 7. Nxd4 c5 8.
Ne2 Qxd1 9. Rxd1 Bd7 10. Nbc3 O-O-O 11. Be3 Bd6 12. Nf4 Ne7 13. Rd2 Rhe8 14.
Nh5 Rg8 15. h3 Nc6 16. Nd5 Ne5 17. b3 Bc6 18. c4 Rde8 19. Re1 Ng6 20. f3 Ne5
21. Kf2 Nd7 22. g4 1/2-1/2

[Event "Czech open A"]
[Site "?"]
[Date "2013.07.27"]
[Round "9.73"]
[White "Havlikova, Kristyna"]
[Black "Cerveny, Martin"]
[Result "1/2-1/2"]
[ECO "B52"]
[WhiteElo "2241"]
[BlackElo "2357"]
[PlyCount "110"]
[EventDate "2013.??.??"]
[TimeControl "6000+2455"]
[WhiteClock "0:04:07"]
[BlackClock "1:40:34"]

1. e4 c5 2. Nf3 d6 3. Bb5+ Bd7 4. Bxd7+ Qxd7 5. c4 Nf6 6. Nc3 Nc6 7. d4 cxd4 8.
Nxd4 Qg4 9. Qxg4 Nxg4 10. Nxc6 bxc6 11. Bf4 g5 12. Bxg5 Ne5 13. Ke2 Rg8 14. Bf4
Nxc4 15. b3 Nb6 16. Rac1 Bg7 17. Rhd1 Kd7 18. Rd3 e5 19. Be3 Bf8 20. g3 Be7 21.
a4 Ke6 22. Bxb6 axb6 23. Nd1 Rac8 24. Ne3 Rgd8 25. h4 h5 26. Rdc3 Kd7 27. Nc4
Rb8 28. a5 bxa5 29. Nxa5 c5 30. Nc4 Rb4 31. Ra1 Rdb8 32. Ra7+ Ke6 33. Nd2 R8b7
34. Ra8 Rb8 35. Ra7 R4b7 36. Rxb7 Rxb7 37. Rf3 Rb8 38. Rf5 Rh8 39. Nc4 f6 40.
Ne3 Bd8 41. Kd3 Be7 42. Nd5 Bd8 43. Kc4 Rh7 44. Ne3 Be7 45. Rf3 Rh8 46. Nd5 Bd8
47. Kb5 Be7 48. Kc6 Rc8+ 49. Nc7+ Kf7 50. Kb7 Rg8 51. Nd5 Ke6 52. Kc6 Rc8+ 53.
Nc7+ Kf7 54. Kd7 Rd8+ 55. Kc6 Rc8 1/2-1/2

[Event "Czech open A"]
[Site "?"]
[Date "2013.07.27"]
[Round "9.74"]
[White "Tomazini, Zan"]
[Black "Lokander, Martin"]
[Result "1/2-1/2"]
[ECO "C45"]
[WhiteElo "2344"]
[BlackElo "2238"]
[PlyCount "111"]
[EventDate "2013.??.??"]
[TimeControl "6000+975"]
[WhiteClock "0:07:38"]
[BlackClock "0:16:33"]

1. e4 e5 2. Nf3 Nc6 3. d4 exd4 4. Nxd4 Nf6 5. Nxc6 bxc6 6. e5 Qe7 7. Qe2 Nd5 8.
Nd2 Nf4 9. Qe4 Ng6 10. f4 d5 11. exd6 cxd6 12. Be2 Qxe4 13. Nxe4 d5 14. Nf2 Bd6
15. g3 O-O 16. O-O Bf5 17. c4 Rae8 18. Bf3 dxc4 19. Bxc6 Rb8 20. Be3 Rxb2 21.
Bxa7 Ne7 22. Bf3 Ba3 23. g4 Bc2 24. f5 Rb5 25. Rae1 Nd5 26. Re5 Nc3 27. Re3 Bb2
28. Rfe1 Nxa2 29. Bc6 Rb3 30. Re8 g6 31. Bc5 Rxe8 32. Rxe8+ Kg7 33. Bf8+ Kf6
34. Be7+ Ke5 35. Ba4 Kf4 36. Bxb3 cxb3 37. Kg2 gxf5 38. Bd6+ Kg5 39. Nh3+ Kf6
40. g5+ Kg7 41. Bf8+ Kg6 42. Nf4+ Kxg5 43. Kg3 h5 44. h4+ Kf6 45. Rc8 Bc1 46.
Rc6+ Ke5 47. Bg7+ Ke4 48. Rc4+ Ke3 49. Bh6 b2 50. Ng6+ Ke2 51. Rxc2+ Kd1 52.
Rxb2 Bxb2 53. Nf4 Be5 54. Kf3 Bf6 55. Kg3 Be5 56. Kf3 1/2-1/2

[Event "Czech open A"]
[Site "?"]
[Date "2013.07.27"]
[Round "9.75"]
[White "Stromboli, Ettore"]
[Black "Dorst, Johannes"]
[Result "1-0"]
[ECO "B55"]
[WhiteElo "2335"]
[BlackElo "2236"]
[PlyCount "113"]
[EventDate "2013.??.??"]
[TimeControl "6000+1720"]
[WhiteClock "0:10:47"]
[BlackClock "0:34:34"]

1. e4 c5 2. Nf3 d6 3. d4 cxd4 4. Nxd4 Nf6 5. f3 e5 6. Bb5+ Bd7 7. Bxd7+ Nbxd7
8. Nf5 d5 9. exd5 Nb6 10. O-O Qxd5 11. b3 Rc8 12. Ba3 Bc5+ 13. Kh1 g6 14. Nd6+
Bxd6 15. Bxd6 Qxd1 16. Rxd1 Rxc2 17. Bxe5 Nbd7 18. Na3 Rc6 19. Bd6 Kd8 20. Nc4
Re8 21. Na5 Rc2 22. Rac1 Ree2 23. Nxb7+ Kc8 24. Rxc2+ Rxc2 25. Na5 Nd5 26. h3
N7f6 27. Nc4 Rxa2 28. Be5 Re2 29. Ra1 Kb7 30. Bd4 Nh5 31. Rxa7+ Kb8 32. Rxf7
Ng3+ 33. Kg1 Nf5 34. Ba7+ Kc8 35. Nb6+ Nxb6 36. Bxb6 Rb2 37. Rc7+ Kb8 38. Rxh7
Rxb3 39. Bf2 Rb1+ 40. Kh2 Rb2 41. Bc5 Rc2 42. Ba7+ Kc8 43. h4 Kd8 44. Kh3 Ke8
45. h5 gxh5 46. Rxh5 Ng7 47. Re5+ Kf7 48. g4 Ne6 49. Be3 Rc3 50. Kh4 Ng7 51. f4
Rb3 52. f5 Rd3 53. Kg5 Rb3 54. Bc5 Rb5 55. Re7+ Kg8 56. Bd4 Kh8 57. Bxg7+ 1-0

[Event "Czech open A"]
[Site "?"]
[Date "2013.07.27"]
[Round "9.76"]
[White "Stromboli, Carlo"]
[Black "Frischmann, Rick"]
[Result "1-0"]
[ECO "B40"]
[WhiteElo "2326"]
[BlackElo "2234"]
[PlyCount "71"]
[EventDate "2013.??.??"]
[TimeControl "6000+1530"]
[WhiteClock "0:11:09"]
[BlackClock "0:26:34"]

1. e4 c5 2. Nf3 e6 3. c3 Nf6 4. e5 Nd5 5. d4 cxd4 6. cxd4 d6 7. Nc3 Nxc3 8.
bxc3 Qc7 9. Bd2 Nd7 10. Bd3 dxe5 11. O-O g6 12. Qa4 Bg7 13. Nxe5 O-O 14. f4 Rd8
15. Rae1 a6 16. h4 b5 17. Qc2 Bb7 18. h5 Nf8 19. Qb1 Bd5 20. Rf2 Qe7 21. Re3
Qa3 22. c4 bxc4 23. Bxg6 Qe7 24. Bxf7+ Kh8 25. h6 Bf6 26. Bh5 Rab8 27. Qd1 Nd7
28. Nf7+ Kg8 29. Qg4+ Kf8 30. Rg3 Qxf7 31. Bxf7 Kxf7 32. f5 Rg8 33. Qh5+ Ke7
34. Rxg8 Rxg8 35. Bb4+ Kd8 36. Qf7 1-0

[Event "Czech open A"]
[Site "?"]
[Date "2013.07.27"]
[Round "9.77"]
[White "Kireev, Aleksei"]
[Black "Gallien, Fabian"]
[Result "1-0"]
[ECO "D00"]
[WhiteElo "2310"]
[BlackElo "2213"]
[PlyCount "57"]
[EventDate "2013.??.??"]
[TimeControl "6000+825"]
[WhiteClock "0:47:22"]
[BlackClock "0:46:10"]

1. d4 d5 2. Bg5 c6 3. c3 Qb6 4. Qb3 Bf5 5. Nd2 Nd7 6. Ngf3 f6 7. Bf4 g5 8. Bg3
Nh6 9. e3 Nf7 10. c4 e6 11. c5 Qxb3 12. axb3 a6 13. b4 Rc8 14. Nb3 Bg7 15. Na5
Nd8 16. Nxb7 Nxb7 17. Bxa6 Ra8 18. b5 Nbxc5 19. dxc5 Nxc5 20. O-O e5 21. Bb7
Rxa1 22. Bxc6+ Ke7 23. Rxa1 Kd6 24. Ra7 Bf8 25. Nd4 Bc8 26. b6 Ne4 27. Rc7 Ba6
28. b4 Nxg3 29. Rd7# 1-0

[Event "Czech open A"]
[Site "?"]
[Date "2013.07.27"]
[Round "9.78"]
[White "Tokranovs, Dmitrijs"]
[Black "Tomazini, Aljosa"]
[Result "1-0"]
[ECO "B07"]
[WhiteElo "2190"]
[BlackElo "2306"]
[PlyCount "45"]
[EventDate "2013.??.??"]
[TimeControl "6000+955"]
[WhiteClock "0:37:31"]
[BlackClock "0:12:23"]

1. e4 d6 2. d4 Nf6 3. Nc3 Nbd7 4. f4 c6 5. Nf3 Qb6 6. e5 Nd5 7. Be2 Nxc3 8.
bxc3 d5 9. O-O c5 10. a4 c4 11. a5 Qc6 12. f5 Nb8 13. Ng5 g6 14. fxg6 fxg6 15.
Bg4 h6 16. Nf7 Rg8 17. Qf3 Bxg4 18. Qxg4 Na6 19. Nd6+ Kd8 20. Qe6 Rh8 21. Nf7+
Ke8 22. Qxc6+ bxc6 23. Nxh8 1-0

[Event "Czech open A"]
[Site "?"]
[Date "2013.07.27"]
[Round "9.79"]
[White "Kyas, Philipp"]
[Black "Ageichenko, Gennady"]
[Result "0-1"]
[ECO "E59"]
[WhiteElo "2036"]
[BlackElo "2298"]
[PlyCount "158"]
[EventDate "2013.??.??"]
[TimeControl "6000+925"]
[WhiteClock "0:00:32"]
[BlackClock "0:07:30"]

1. d4 Nf6 2. c4 e6 3. Nc3 Bb4 4. e3 O-O 5. Nf3 d5 6. Be2 c5 7. O-O Nc6 8. a3
Bxc3 9. bxc3 dxc4 10. Bxc4 Qc7 11. Qe2 e5 12. d5 Ne7 13. e4 Bg4 14. Qd3 Ne8 15.
Nxe5 Qxe5 16. f4 Qc7 17. f5 b5 18. Bxb5 Nd6 19. Bf4 c4 20. Qg3 Qb6+ 21. Be3
Qxb5 22. Qxd6 Rae8 23. Qg3 Be2 24. Rfb1 Qa5 25. Bh6 Qc5+ 26. Kh1 g6 27. Bxf8
Kxf8 28. d6 Nc6 29. d7 Rd8 30. Qc7 Bd3 31. Rb8 Qe7 32. Rxd8+ Nxd8 33. Ra2 Bxe4
34. Re2 gxf5 35. Rb2 Bc6 36. h3 Qxd7 37. Qe5 Ne6 38. Qxf5 Qd1+ 39. Kh2 Qd6+ 40.
Kh1 Qd1+ 41. Kh2 Qd6+ 42. Kh1 Qd3 43. Qf6 Qxh3+ 44. Kg1 Qe3+ 45. Rf2 Be8 46.
Kh1 h6 47. Qh8+ Ke7 48. Qf6+ Kd6 49. Rf1 Bc6 50. Rd1+ Bd5 51. Qf5 Nf4 52. Qf6+
Kc7 53. Kh2 Nd3 54. Qf5 Qg5 55. Qf1 h5 56. Qe2 h4 57. Kg1 h3 58. g4 Nf4 59. Qd2
h2+ 60. Qxh2 Qxg4+ 61. Kf2 Qe2+ 62. Kg3 Qxd1 63. Kxf4 Qf3+ 64. Kg5+ Kb7 65.
Qb2+ Kc8 66. Qb4 Qe3+ 67. Kf5 Qe4+ 68. Kf6 Qe6+ 69. Kg7 f5 70. Qc5+ Bc6 71. a4
Kb7 72. a5 f4 73. Qb4+ Ka6 74. Qb8 f3 75. Qf4 Bd5 76. Qd4 Qf7+ 77. Kh6 f2 78.
Qc5 Qe6+ 79. Kg5 f1=Q 0-1

[Event "Czech open A"]
[Site "?"]
[Date "2013.07.27"]
[Round "9.80"]
[White "Vlasak, Lukas"]
[Black "Nguyen, Thai Dai Van"]
[Result "1-0"]
[ECO "A14"]
[WhiteElo "2296"]
[BlackElo "2176"]
[PlyCount "151"]
[EventDate "2013.??.??"]
[TimeControl "6000+860"]
[WhiteClock "0:43:37"]
[BlackClock "0:02:55"]

1. Nf3 d5 2. c4 e6 3. g3 Nf6 4. Bg2 Be7 5. O-O O-O 6. Qc2 Nbd7 7. b3 b6 8. Bb2
Bb7 9. cxd5 exd5 10. d4 c5 11. Nbd2 Re8 12. Rfd1 Rc8 13. Rac1 Ne4 14. Qb1 Bf8
15. e3 Qe7 16. Nxe4 dxe4 17. Ne5 cxd4 18. Nxd7 Rxc1 19. Rxc1 Qxd7 20. Bxd4 f5
21. Qb2 Rc8 22. Bf1 Rxc1 23. Qxc1 Bd5 24. Ba6 Be6 25. Qc3 g6 26. h4 h6 27. Kg2
Bg7 28. Bxg7 Qxg7 29. Qc6 Qd7 30. Qa8+ Kg7 31. Qb8 g5 32. Qe5+ Kg6 33. Bb5 Qf7
34. Qh8 Bd7 35. hxg5 hxg5 36. Be2 g4 37. Qb8 Be6 38. Bb5 Kg7 39. Be8 Qe7 40.
Qe5+ Qf6 41. Qc7+ Kf8 42. Qb8 Qe7 43. Bc6+ Kg7 44. Bb7 Qf7 45. Kf1 Qe7 46. Qe5+
Qf6 47. Qxf6+ Kxf6 48. Ke2 Ke5 49. Kd2 a5 50. Kc3 Bd5 51. Bc8 Bf7 52. a3 Be6
53. Bxe6 Kxe6 54. Kc4 Kd6 55. Kb5 Kc7 56. Ka6 Kc6 57. b4 a4 58. Ka7 Kb5 59. Kb7
Kc4 60. Kxb6 Kd3 61. Kc5 Ke2 62. b5 Kxf2 63. b6 f4 64. b7 f3 65. b8=Q Kg2 66.
Qf4 f2 67. Qxe4+ Kh2 68. Qh7+ Kg2 69. Qf5 f1=Q 70. Qxf1+ Kxf1 71. e4 Kf2 72. e5
Kxg3 73. e6 Kf2 74. e7 g3 75. e8=Q g2 76. Qf7+ 1-0

[Event "Czech open A"]
[Site "?"]
[Date "2013.07.27"]
[Round "9.81"]
[White "Travkina, Anastasia"]
[Black "Rjabzev, Konstantin"]
[Result "1/2-1/2"]
[ECO "B49"]
[WhiteElo "2216"]
[BlackElo "2290"]
[PlyCount "24"]
[EventDate "2013.??.??"]
[TimeControl "6000+750"]
[WhiteClock "1:02:52"]
[BlackClock "1:01:28"]

1. e4 c5 2. Nf3 e6 3. d4 cxd4 4. Nxd4 Nc6 5. Nc3 Qc7 6. Be3 a6 7. Be2 Nf6 8. f4
d6 9. Qd2 Be7 10. O-O-O O-O 11. g4 Nxd4 12. Qxd4 Ne8 1/2-1/2

[Event "Czech open A"]
[Site "?"]
[Date "2013.07.27"]
[Round "9.82"]
[White "Adamek, Jiri"]
[Black "Tennert, Simon"]
[Result "1-0"]
[ECO "A30"]
[WhiteElo "2290"]
[BlackElo "2147"]
[PlyCount "115"]
[EventDate "2013.??.??"]
[TimeControl "6000+925"]
[WhiteClock "0:58:05"]
[BlackClock "0:01:30"]

1. Nf3 Nf6 2. c4 c5 3. Nc3 e6 4. g3 b6 5. Bg2 Bb7 6. O-O Be7 7. b3 O-O 8. Bb2
d6 9. d4 cxd4 10. Qxd4 a6 11. Rfd1 Nbd7 12. Ng5 Qc7 13. Bxb7 Qxb7 14. Nge4 Ne8
15. Rac1 b5 16. Nd2 Nc5 17. b4 Bf6 18. Qe3 Nd7 19. a3 bxc4 20. Nxc4 d5 21. Na5
Qb6 22. Qd2 Nd6 23. Na4 Qb5 24. Nc3 Qb8 25. e4 Ne5 26. Qe2 d4 27. Na4 Nb5 28.
f4 d3 29. Qg2 Qa7+ 30. Nc5 Nf3+ 31. Kh1 d2 32. Rb1 Bxb2 33. Rxb2 Nc3 34. Qxf3
Nxd1 35. Qxd1 Qc7 36. Rxd2 Rfd8 37. Rd7 Qb6 38. Nab7 Rxd7 39. Qxd7 Qb5 40. Qd3
h6 41. Kg2 Qb6 42. Qd4 Rb8 43. Qd7 Kh7 44. Kf3 Ra8 45. Ke2 Rb8 46. Kd3 Ra8 47.
Kc3 Ra7 48. a4 a5 49. b5 Rxb7 50. Nxb7 Qe3+ 51. Qd3 Qb6 52. e5+ g6 53. Qe4 Qg1
54. Nxa5 Qc1+ 55. Kb3 Qd1+ 56. Qc2 Qd5+ 57. Nc4 Qc5 58. Qd3 1-0

[Event "Czech open A"]
[Site "?"]
[Date "2013.07.27"]
[Round "9.84"]
[White "Cherepanov, Vladislav"]
[Black "Nagarajan, Raghavi"]
[Result "0-1"]
[ECO "D56"]
[WhiteElo "2284"]
[BlackElo "2097"]
[PlyCount "58"]
[EventDate "2013.??.??"]
[TimeControl "6000+725"]
[WhiteClock "0:39:13"]
[BlackClock "0:43:45"]

1. d4 d5 2. c4 e6 3. Nc3 Be7 4. Nf3 Nf6 5. Bg5 h6 6. Bh4 O-O 7. e3 Ne4 8. Bxe7
Qxe7 9. Qc2 Nxc3 10. Qxc3 c6 11. O-O-O Nd7 12. Kb1 dxc4 13. Bxc4 b5 14. Bd3 Bb7
15. Qa5 Rfc8 16. Rd2 a6 17. b4 e5 18. Bf5 e4 19. Ne1 g6 20. Bxd7 Qxd7 21. Rc2
c5 22. bxc5 Bd5 23. Rb2 Qg4 24. Qd2 a5 25. Qe2 Qe6 26. Qxb5 Bxa2+ 27. Ka1 Bc4
28. Qb6 Qe8 29. Qd6 Qa4+ 0-1

[Event "Czech open A"]
[Site "?"]
[Date "2013.07.27"]
[Round "9.85"]
[White "Feldtmann, Thomas"]
[Black "Starcevs, Dmitrijs"]
[Result "0-1"]
[ECO "D97"]
[WhiteElo "2280"]
[BlackElo "2139"]
[PlyCount "64"]
[EventDate "2013.??.??"]
[TimeControl "6000+1100"]
[WhiteClock "0:07:19"]
[BlackClock "0:04:26"]

1. d4 Nf6 2. c4 g6 3. Nc3 d5 4. Nf3 Bg7 5. Qb3 dxc4 6. Qxc4 O-O 7. e4 Nfd7 8.
Be3 Nb6 9. Qc5 Re8 10. O-O-O Bg4 11. Qg5 Bxf3 12. gxf3 Nc6 13. Bb5 a6 14. Bxc6
bxc6 15. f4 Qd6 16. Qc5 Rab8 17. e5 Qe6 18. Kb1 a5 19. Ka1 Red8 20. Rhg1 Kh8
21. h4 Nc4 22. Bc1 a4 23. h5 Nb6 24. Ne4 h6 25. Qc2 Nd5 26. Nc5 Nb4 27. Qb1 Qc4
28. Rd2 Rxd4 29. a3 Rxd2 30. axb4 Rc2 31. hxg6 fxg6 32. Bd2 a3 0-1

[Event "Czech open A"]
[Site "?"]
[Date "2013.07.27"]
[Round "9.86"]
[White "Barthel, Ansgar"]
[Black "Varitski, Igor"]
[Result "1-0"]
[ECO "B19"]
[WhiteElo "2230"]
[BlackElo "2278"]
[PlyCount "201"]
[EventDate "2013.??.??"]
[TimeControl "6000+1835"]
[WhiteClock "0:02:16"]
[BlackClock "0:18:27"]

1. e4 c6 2. d4 d5 3. Nc3 dxe4 4. Nxe4 Bf5 5. Ng3 Bg6 6. h4 h6 7. Nf3 Nd7 8. h5
Bh7 9. Bd3 Bxd3 10. Qxd3 e6 11. Bd2 Ngf6 12. O-O-O Be7 13. Ne4 Nxe4 14. Qxe4
Nf6 15. Qe2 Qd5 16. c4 Qe4 17. Qxe4 Nxe4 18. Be3 f5 19. Rhe1 O-O 20. Re2 Bd6
21. Kc2 b5 22. c5 Bc7 23. Ne5 Bxe5 24. dxe5 Rad8 25. Ree1 Rd5 26. Rxd5 exd5 27.
Bd4 a5 28. Re3 Nxf2 29. Ra3 Ng4 30. Rxa5 Re8 31. Ra7 Nxe5 32. Rc7 f4 33. Kd1
Re6 34. Bxe5 Rxe5 35. Rxc6 Kf7 36. Rb6 Rg5 37. Rxb5 Rxg2 38. c6 Ke7 39. Rxd5 f3
40. c7 f2 41. c8=N+ Ke6 42. Rd6+ Ke5 43. Ke2 f1=Q+ 44. Kxf1 Rc2 45. Rd8 Rxb2
46. Re8+ Kf6 47. Re2 Rb1+ 48. Kg2 Kg5 49. Re5+ Kf4 50. Ra5 Rb2+ 51. Kf1 Kf3 52.
Ke1 Ke3 53. Kd1 Kd3 54. Ra3+ Kc4 55. Nd6+ Kc5 56. Nf5 Rg2 57. Ra7 g6 58. hxg6
Rxg6 59. Ne3 h5 60. Ra5+ Kd4 61. Nc2+ Kc3 62. Rxh5 Rg1+ 63. Ne1 Kb2 64. Rh2+
Ka3 65. Re2 Rg8 66. Kc1 Rb8 67. Ng2 Rb7 68. Ne3 Rh7 69. Nc4+ Kb4 70. Rc2 Rh4
71. Ne5 Ka3 72. Nc4+ Kb4 73. Nd2 Ka3 74. Nb1+ Kb4 75. Kb2 Rh3 76. a3+ Kb5 77.
Nc3+ Kc4 78. Nb1+ Kb5 79. Rg2 Rh4 80. Rg5+ Kb6 81. Nc3 Ka6 82. Kb3 Rf4 83. Re5
Rh4 84. Re6+ Ka5 85. Re4 Rh8 86. Re5+ Ka6 87. Kb4 Rb8+ 88. Ka4 Rh8 89. Re6+ Kb7
90. Nb5 Ra8+ 91. Kb4 Rh8 92. a4 Rg8 93. Re7+ Kb8 94. Nd6 Rg5 95. Ne4 Rh5 96.
Nc5 Rh6 97. Kb5 Rg6 98. Nd7+ Ka8 99. Nb6+ Kb8 100. Ka6 Rg8 101. Rb7# 1-0

[Event "Czech open A"]
[Site "?"]
[Date "2013.07.27"]
[Round "9.87"]
[White "Bivol, Alina"]
[Black "Krapivin, Vladislav"]
[Result "1/2-1/2"]
[ECO "C41"]
[WhiteElo "2207"]
[BlackElo "2340"]
[PlyCount "29"]
[EventDate "2013.??.??"]
[TimeControl "6000+730"]
[WhiteClock "1:10:31"]
[BlackClock "1:07:56"]

1. e4 d6 2. d4 Nf6 3. Nc3 e5 4. Nf3 Nbd7 5. Bc4 Be7 6. O-O O-O 7. Qe2 c6 8. a4
a5 9. b3 Qc7 10. h3 h6 11. dxe5 Nxe5 12. Nxe5 dxe5 13. Bb2 Bc5 14. Nd1 Re8 15.
Qf3 1/2-1/2

[Event "Czech open A"]
[Site "?"]
[Date "2013.07.27"]
[Round "9.88"]
[White "Druska, Juraj"]
[Black "Wittmann, Walter"]
[Result "1-0"]
[ECO "B20"]
[WhiteElo "2385"]
[BlackElo "2224"]
[PlyCount "53"]
[EventDate "2013.??.??"]
[TimeControl "6000+930"]
[WhiteClock "0:29:03"]
[BlackClock "0:48:42"]

1. e4 c5 2. d3 Nc6 3. Nf3 g6 4. g3 Bg7 5. Bg2 d6 6. O-O Bg4 7. h3 Bxf3 8. Bxf3
Nf6 9. Bg2 Nd7 10. Nc3 Rb8 11. a4 a6 12. Nd5 e6 13. Ne3 b5 14. axb5 axb5 15. c3
Qb6 16. h4 h5 17. f4 Ne7 18. f5 Be5 19. fxe6 fxe6 20. Bh3 d5 21. exd5 exd5 22.
Qe2 Qd6 23. Ng2 Nf6 24. Re1 Bxg3 25. Ra6 Qc7 26. Rxf6 Bxe1 27. Bf4 1-0

[Event "Czech open A"]
[Site "?"]
[Date "2013.07.27"]
[Round "9.89"]
[White "Chudinovskikh, Alexander M"]
[Black "Drnovsek, Gal"]
[Result "1/2-1/2"]
[ECO "B52"]
[WhiteElo "2320"]
[BlackElo "2203"]
[PlyCount "143"]
[EventDate "2013.??.??"]
[TimeControl "6000+910"]
[WhiteClock "1:04:20"]
[BlackClock "0:25:24"]

1. e4 c5 2. Nf3 d6 3. Bb5+ Bd7 4. Bxd7+ Qxd7 5. c4 Nc6 6. d4 cxd4 7. Nxd4 Nf6
8. Nc3 e6 9. O-O Be7 10. b3 O-O 11. Bb2 a6 12. a4 Rfd8 13. Re1 Rac8 14. Rc1 Bf8
15. h3 Qc7 16. Nd5 exd5 17. cxd5 Qd7 18. dxc6 bxc6 19. Qf3 d5 20. exd5 cxd5 21.
Rxc8 Rxc8 22. Nf5 Rc6 23. Rd1 Qd8 24. b4 g6 25. b5 axb5 26. axb5 Rb6 27. Ne3
Ne8 28. Nxd5 Rd6 29. Ne3 Rxd1+ 30. Qxd1 Qxd1+ 31. Nxd1 Nd6 32. b6 Nb7 33. Bd4
f5 34. Kf1 Kf7 35. Ke2 Ke6 36. Nc3 Kd7 37. Kf3 Kc6 38. g4 fxg4+ 39. Kxg4 Bc5
40. Bxc5 Nxc5 41. Kg5 Ne6+ 42. Kh6 Nf4 43. h4 Ng2 44. Kg5 Kxb6 45. Nd5+ Kc5 46.
Nf6 h6+ 47. Kg4 Kd4 48. Kg3 Ne1 49. Ng8 Ke5 50. Nxh6 Nd3 51. Ng4+ Kf5 52. Ne3+
Kf6 53. f4 Nc5 54. Kg4 Ne4 55. Kf3 Nd2+ 56. Ke2 Ne4 57. Nc4 Ng3+ 58. Kf3 Nf5
59. Kg4 Nh6+ 60. Kf3 Nf5 61. Ne3 Nxh4+ 62. Kg4 Nf5 63. Nxf5 gxf5+ 64. Kh5 Kf7
65. Kg5 Kg7 66. Kxf5 Kf7 67. Ke5 Ke7 68. f5 Kf7 69. f6 Kf8 70. Ke6 Ke8 71. f7+
Kf8 72. Kf6 1/2-1/2

[Event "Czech open A"]
[Site "?"]
[Date "2013.07.27"]
[Round "9.90"]
[White "Nadjezhdin, Dmitry"]
[Black "Semenova, Elena"]
[Result "0-1"]
[ECO "A05"]
[WhiteElo "2300"]
[BlackElo "2152"]
[PlyCount "134"]
[EventDate "2013.??.??"]
[TimeControl "6000+990"]
[WhiteClock "0:13:31"]
[BlackClock "0:10:10"]

1. Nf3 Nf6 2. c4 e6 3. g3 d5 4. b3 Be7 5. Bb2 O-O 6. Bg2 b6 7. O-O Bb7 8. e3 c5
9. Nc3 Nbd7 10. d3 Rc8 11. Qe2 Qc7 12. Rac1 Qb8 13. Rfd1 Rfd8 14. h4 h6 15. Nh2
dxc4 16. dxc4 Bxg2 17. Kxg2 Qa8+ 18. e4 Ne5 19. Nf3 Nfg4 20. Ng1 Nf6 21. f4 Nc6
22. Nd5 exd5 23. exd5 Nb4 24. Qxe7 Nbxd5 25. cxd5 Nxd5 26. Rxd5 Qxd5+ 27. Kf1
Re8 28. Qxa7 Qd3+ 29. Kg2 Qd2+ 30. Kh3 Qxb2 31. Rd1 Qc2 32. Qd7 Rcd8 33. Qxd8
Rxd8 34. Rxd8+ Kh7 35. Nf3 Qxa2 36. h5 Qxb3 37. Ne5 Qe6+ 38. g4 c4 39. Rd7 c3
40. Rc7 c2 41. Kh4 c1=Q 42. Rxc1 Qa2 43. Rc3 Qh2+ 44. Rh3 Qxf4 45. Nd3 Qg5+ 46.
Kg3 b5 47. Kf3 Qd5+ 48. Ke3 b4 49. Rf3 b3 50. Rf2 Qc4 51. Rf4 Qe6+ 52. Kd2 Qd7
53. Rb4 b2 54. Kc2 b1=Q+ 55. Rxb1 Qxg4 56. Rb4 Qxh5 57. Kd2 Qf5 58. Ke3 g5 59.
Re4 h5 60. Re5 Qh3+ 61. Ke4 Kg6 62. Rd5 f5+ 63. Kd4 f4 64. Ne5+ Kf6 65. Nd7+
Ke7 66. Nc5 Qe3+ 67. Kc4 f3 0-1

[Event "Czech open A"]
[Site "?"]
[Date "2013.07.27"]
[Round "9.91"]
[White "Jeitz, Christian"]
[Black "Novotny, Michal"]
[Result "1/2-1/2"]
[ECO "B16"]
[WhiteElo "2222"]
[BlackElo "2293"]
[PlyCount "28"]
[EventDate "2013.??.??"]
[TimeControl "6000+590"]
[WhiteClock "1:02:35"]
[BlackClock "0:41:14"]

1. e4 c6 2. d4 d5 3. Nc3 dxe4 4. Nxe4 Nf6 5. Nxf6+ gxf6 6. Nf3 Bf5 7. Be2 Rg8
8. O-O Be4 9. Ne1 Qd5 10. f3 Bf5 11. c4 Qd7 12. Be3 e6 13. Bd3 Bg6 14. f4 Bxd3
1/2-1/2